Los Angeles Kings vs Toronto Maple Leafs
Created - Thursday, September 14, 2023 at 06:44
Goals
|
| Los Angeles Kings |
0 |
1 |
2 |
0 |
1 |
4 |
| Toronto Maple Leafs |
0 |
1 |
2 |
0 |
0 |
3 |
|
Shots
|
| Los Angeles Kings |
12 |
14 |
7 |
0 |
3 |
33 |
| Toronto Maple Leafs |
8 |
10 |
4 |
4 |
3 |
26 |
|
1st period
No Goal
Penalties :
Aaron Ekblad (TOR) for Goalie Interference (Minor) at 4:36, Dougie Hamilton (TOR) for Unsportsmanlike conduct (Minor) at 17:04
2nd period
1. Los Angeles Kings , Peyton Krebs 7 (Seth Jarvis 13, Nicklas Backstrom 12) at 14:08
2. Toronto Maple Leafs , Scott Laughton 5 (Trevor Zegras 7) at 18:48
Penalties :
Luke Schenn (TOR) for Hooking (Minor) at 3:26
3rd period
3. Toronto Maple Leafs , Sam Bennett 8 (Brady Tkachuk 14) at 8:41
4. Los Angeles Kings , Noah Dobson 1 (Alexander Radulov 6, Cooper Marody 3) at 10:51
5. Toronto Maple Leafs , Trevor Zegras 10 (Dougie Hamilton 9) at 12:31
6. Los Angeles Kings , Andrei Svechnikov 3 (Rasmus Sandin 5) at 17:27
Penalties :
Kirby Dach (LAK) for Hooking (Minor) at 2:08, Brady Tkachuk (TOR) for Hooking (Minor) at 13:15
Overtime #1
No Goal
Penalties :
Alexander Romanov (LAK) for Tripping (Minor) at 0:15
Shootout
Los Angeles Kings, Andrei Kuzmenko - Shot Misses the Net
Toronto Maple Leafs, Trevor Zegras - Stopped by John Gibson
Los Angeles Kings, Cooper Marody - Stopped by Frederik Andersen
Toronto Maple Leafs, Dougie Hamilton - Shot Misses the Net
Los Angeles Kings, Kirby Dach - Goal!
Toronto Maple Leafs, Kyle Okposo - Shot Misses the Net
Penalties :
No Penalty
Goalie Stats
John Gibson (LAK), 23 saves from 26 shots - (0.885), W, 5-9-1, 65:00 minutes
Frederik Andersen (TOR), 30 saves from 33 shots - (0.909), OTL, 6-4-2, 65:00 minutes
Players Stats for Los Angeles Kings
Player Name G A P +/- PIM S H SB GA TA FO MP PP MP PK MP
------------------------------------------------------------------------------------
Alexander Radulov 0 1 1 1 0 1 2 0 0 0 1/1 12:04 0:07 0:56
Alexander Romanov 0 0 0 -1 2 4 1 1 0 1 0/0 24:42 4:16 1:09
Andrei Kuzmenko 0 0 0 -1 0 2 1 0 0 0 0/0 18:52 3:55 0:59
Andrei Svechnikov 1 0 1 -1 0 1 2 1 0 1 0/1 15:41 0:07 0:04
Cooper Marody 0 1 1 2 0 0 2 1 0 0 5/7 16:16 3:55 0:54
Erik Brannstrom 0 0 0 -1 0 1 1 2 0 0 1/4 12:55 0:00 0:40
Jakub Zboril 0 0 0 -1 0 0 1 1 0 0 0/0 11:58 0:00 0:00
Joshua Brown 0 0 0 -1 0 2 2 2 0 0 0/0 15:48 0:00 0:00
K'Andre Miller 0 0 0 -1 0 2 1 0 1 1 0/0 25:27 4:16 2:30
Kirby Dach 0 0 0 -2 2 2 5 0 4 0 2/15 19:45 3:55 0:57
Nicklas Backstrom 0 1 1 1 0 4 1 0 2 1 11/19 19:34 3:54 1:51
Noah Dobson 1 0 1 2 0 2 0 2 0 0 0/0 23:45 3:40 1:28
Owen Power 0 0 0 2 0 1 2 0 0 0 0/0 23:45 3:40 1:28
Peyton Krebs 1 0 1 1 0 1 2 0 0 0 0/0 14:12 0:07 0:16
Rasmus Sandin 0 1 1 -1 0 0 3 2 0 1 0/0 15:52 0:00 0:41
Ryan Reaves 0 0 0 1 0 2 4 0 0 0 0/0 15:05 3:54 0:00
Seth Jarvis 0 1 1 1 0 4 0 0 0 0 0/3 18:06 3:54 0:00
Vitali Kravtsov 0 0 0 -1 0 4 1 0 0 0 0/0 12:13 0:00 0:00
Players Stats for Toronto Maple Leafs
Player Name G A P +/- PIM S H SB GA TA FO MP PP MP PK MP
------------------------------------------------------------------------------------
Aaron Ekblad 0 0 0 -2 2 0 2 1 0 1 0/0 26:56 0:28 3:34
Andrew Mangiapane 0 0 0 0 0 0 1 1 0 0 0/1 11:25 0:00 0:00
Brady Tkachuk 0 1 1 1 2 4 3 0 1 0 1/2 21:21 1:09 0:45
Brandon Saad 0 0 0 0 0 2 1 0 0 1 1/1 18:41 0:50 0:00
Cody Ceci 0 0 0 -2 0 0 0 0 0 1 0/0 27:13 0:56 3:34
Dougie Hamilton 0 1 1 2 2 1 3 0 0 0 0/0 22:54 1:03 1:44
Kyle Okposo 0 0 0 0 0 0 1 0 0 0 0/0 11:31 0:00 2:06
Luke Schenn 0 0 0 0 2 2 1 0 0 0 0/0 14:38 0:00 2:38
Mario Ferraro 0 0 0 0 0 2 0 0 0 1 0/0 16:45 0:35 3:13
Nick Bjugstad 0 0 0 -1 0 0 0 0 0 0 3/7 10:28 0:00 4:15
Nicolas Roy 0 0 0 -1 0 2 1 0 1 1 2/3 15:48 0:00 4:15
Nino Niederreiter 0 0 0 -1 0 0 1 0 0 0 0/0 9:44 0:00 1:42
Ryan Pulock 0 0 0 2 0 0 0 0 0 2 0/0 22:02 0:56 1:09
Sam Bennett 1 0 1 0 0 4 2 0 0 0 11/15 19:05 1:09 0:09
Scott Laughton 1 0 1 1 0 3 3 2 1 0 9/16 20:19 0:50 1:47
Trevor Zegras 1 1 2 1 0 5 2 0 0 0 1/1 18:17 0:50 0:53
Troy Terry 0 0 0 1 0 1 0 0 2 0 1/3 18:59 1:09 0:00
Warren Foegele 0 0 0 -1 0 0 0 2 0 0 1/1 5:54 0:00 0:00
3 Stars
1 - Trevor Zegras (TOR)
2 - Noah Dobson (LAK)
3 - Scott Laughton (TOR)
Power Play
Los Angeles Kings - 0 on 4 Attempt(s) - 0.00%
Toronto Maple Leafs - 0 on 2 Attempt(s) - 0.00%
Penalty Kill
Los Angeles Kings - 2 on 2 Attempt(s) - 100.00%
- Score 0 goal in Penalty Kill
Toronto Maple Leafs - 4 on 4 Attempt(s) - 100.00%
- Score 0 goal in Penalty Kill
Team Stat
Los Angeles Kings - Hits : 31 - Faceoff Wins : 20 - Blocked Shots : 12 - Penalty Minutes : 4
Toronto Maple Leafs - Hits : 21 - Faceoff Wins : 30 - Blocked Shots : 6 - Penalty Minutes : 8
Official
Referees : Chris Lee and Tom Chmielewski
Linesman : John Grandt and Scott Cherrey
Game Notes
No Game Note
Finance
Level 1 -- Attendance: 6000 (100.00%) -- Ticket Income $564,000
Level 2 -- Attendance: 4334 (86.68%) -- Ticket Income $234,036
Level 3 -- Attendance: 2750 (91.67%) -- Ticket Income $90,750
Level 4 -- Attendance: 5000 (100.00%) -- Ticket Income $105,000
Luxury Box -- Attendance: 928 (92.80%) -- Ticket Income $179,104
Game was played at the Air Canada Centre.
Total Attendance: 19012 (95.06%)
Total Ticket Income: $1,172,890
Other Income: $410,512
Total Income: $1,583,402
Los Angeles Kings
5 vs 5 Forward
Center Left Wing Right Wing Time % Phy DF OF
1 Kirby Dach Andrei Svechnikov Andrei Kuzmenko 30 1 2 2
2 Nicklas Backstrom Seth Jarvis Peyton Krebs 30 1 2 2
3 Cooper Marody Alexander Radulov Ryan Reaves 25 1 2 2
4 Erik Brannstrom Vitali Kravtsov Jakub Zboril 15 1 2 2
5 vs 5 Defense
Defense Defense Time % Phy DF OF
1 K'Andre Miller Alexander Romanov 35 1 2 2
2 Noah Dobson Owen Power 35 1 2 2
3 Joshua Brown Rasmus Sandin 30 1 2 2
4 K'Andre Miller Alexander Romanov 0 1 2 2
PowerPlay Forward
Center Left Wing Right Wing Time % Phy DF OF
1 Kirby Dach Andrei Kuzmenko Cooper Marody 50 1 2 2
2 Nicklas Backstrom Seth Jarvis Ryan Reaves 50 1 2 2
PowerPlay Defense
Defense Defense Time % Phy DF OF
1 K'Andre Miller Alexander Romanov 50 1 2 2
2 Noah Dobson Owen Power 50 1 2 2
Penalty Kill 4 Players Forward
Center Wing Time % Phy DF OF
1 Alexander Radulov Nicklas Backstrom 50 1 2 2
2 Kirby Dach Andrei Kuzmenko 50 1 2 2
Penalty Kill 4 Players Defense
Defense Defense Time % Phy DF OF
1 K'Andre Miller Alexander Romanov 50 1 2 2
2 Noah Dobson Owen Power 50 1 2 2
Penalty Kill - 3 Players Forward
Forward Time % Phy DF OF
1 Nicklas Backstrom 50 1 2 2
2 Kirby Dach 50 1 2 2
Penalty Kill - 3 Players Defense
Defense Defense Time % Phy DF OF
1 K'Andre Miller Alexander Romanov 50 1 2 2
2 Noah Dobson Owen Power 50 1 2 2
4 vs 4 Forward
Center Wing Time % Phy DF OF
1 Seth Jarvis Andrei Svechnikov 50 1 2 2
2 Kirby Dach Nicklas Backstrom 50 1 2 2
4 vs 4 Defense
Defense Defense Time % Phy DF OF
1 K'Andre Miller Alexander Romanov 50 1 2 2
2 Noah Dobson Owen Power 50 1 2 2
Last Minutes Offensive
Center Left Wing Right Wing Defense Defense
Kirby Dach Andrei Svechnikov Andrei Kuzmenko K'Andre Miller Alexander Romanov
Last Minutes Defensive
Center Left Wing Right Wing Defense Defense
Kirby Dach Andrei Svechnikov Andrei Kuzmenko K'Andre Miller Alexander Romanov
Goaltenders
Starting : John Gibson
Backup : Jonas Johansson
Extra Forwards
Normal : Kirby Dach, Ryan Reaves, Cooper Marody - PP : Kirby Dach, Ryan Reaves - PK : Cooper Marody
Extra Defensemen
Normal : Joshua Brown, Rasmus Sandin, Erik Brannstrom - PP : Joshua Brown - PK : Rasmus Sandin, Erik Brannstrom
Penalty Shots
Andrei Kuzmenko, Cooper Marody, Kirby Dach, Nicklas Backstrom, Seth Jarvis
Toronto Maple Leafs
5 vs 5 Forward
Center Left Wing Right Wing Time % Phy DF OF
1 Sam Bennett Brady Tkachuk Brandon Saad 40 1 2 2
2 Scott Laughton Trevor Zegras Troy Terry 30 1 2 2
3 Nicolas Roy Andrew Mangiapane Kyle Okposo 20 1 2 2
4 Nick Bjugstad Warren Foegele Nino Niederreiter 10 1 2 2
5 vs 5 Defense
Defense Defense Time % Phy DF OF
1 Aaron Ekblad Cody Ceci 40 1 2 2
2 Dougie Hamilton Ryan Pulock 30 1 2 2
3 Mario Ferraro Luke Schenn 20 1 2 2
4 Dougie Hamilton Ryan Pulock 10 1 2 2
PowerPlay Forward
Center Left Wing Right Wing Time % Phy DF OF
1 Sam Bennett Brady Tkachuk Troy Terry 60 1 2 2
2 Scott Laughton Trevor Zegras Brandon Saad 40 1 2 2
PowerPlay Defense
Defense Defense Time % Phy DF OF
1 Aaron Ekblad Dougie Hamilton 60 1 2 2
2 Cody Ceci Ryan Pulock 40 1 2 2
Penalty Kill 4 Players Forward
Center Wing Time % Phy DF OF
1 Nick Bjugstad Nicolas Roy 60 1 2 2
2 Scott Laughton Kyle Okposo 40 1 2 2
Penalty Kill 4 Players Defense
Defense Defense Time % Phy DF OF
1 Aaron Ekblad Cody Ceci 60 1 2 2
2 Mario Ferraro Luke Schenn 40 1 2 2
Penalty Kill - 3 Players Forward
Forward Time % Phy DF OF
1 Nick Bjugstad 60 1 2 2
2 Scott Laughton 40 1 2 2
Penalty Kill - 3 Players Defense
Defense Defense Time % Phy DF OF
1 Aaron Ekblad Cody Ceci 60 1 2 2
2 Mario Ferraro Luke Schenn 40 1 2 2
4 vs 4 Forward
Center Wing Time % Phy DF OF
1 Scott Laughton Troy Terry 60 1 2 2
2 Nicolas Roy Trevor Zegras 40 1 2 2
4 vs 4 Defense
Defense Defense Time % Phy DF OF
1 Dougie Hamilton Ryan Pulock 60 1 2 2
2 Aaron Ekblad Cody Ceci 40 1 2 2
Last Minutes Offensive
Center Left Wing Right Wing Defense Defense
Sam Bennett Brady Tkachuk Troy Terry Aaron Ekblad Dougie Hamilton
Last Minutes Defensive
Center Left Wing Right Wing Defense Defense
Nick Bjugstad Scott Laughton Nicolas Roy Aaron Ekblad Cody Ceci
Goaltenders
Starting : Frederik Andersen
Backup : Cam Talbot
Extra Forwards
Normal : Andrew Mangiapane, Nicolas Roy, Nino Niederreiter - PP : Andrew Mangiapane, Nicolas Roy - PK : Nino Niederreiter
Extra Defensemen
Normal : Mario Ferraro, Luke Schenn, Dougie Hamilton - PP : Mario Ferraro - PK : Luke Schenn, Dougie Hamilton
Penalty Shots
Trevor Zegras, Dougie Hamilton, Kyle Okposo, Nick Bjugstad, Nicolas Roy
% Time on Ice - Los Angeles Kings
Lines # - Real PCT - Wanted PCT - Time Play
Normal Forward
1 - 29% - 30% - 14:35
2 - 27% - 30% - 13:22
3 - 20% - 25% - 10:10
4 - 24% - 15% - 11:58
Normal Defense
1 - 35% - 35% - 17:37
2 - 35% - 35% - 17:22
3 - 30% - 30% - 15:06
4 - 0% - 0% - 0:00
PP Forward
1 - 51% - 50% - 4:02
2 - 49% - 50% - 3:54
PP Defense
1 - 54% - 50% - 4:16
2 - 46% - 50% - 3:40
PK Forward
1 - 47% - 50% - 0:56
2 - 53% - 50% - 1:03
PK Defense
1 - 58% - 50% - 1:09
2 - 42% - 50% - 0:50
PK3 Forward
1 - 46% - 50% - 0:55
2 - 54% - 50% - 1:04
PK3 Defense
1 - 68% - 50% - 1:21
2 - 32% - 50% - 0:38
44 Forward
1 - 49% - 50% - 1:29
2 - 51% - 50% - 1:32
44 Defense
1 - 56% - 50% - 1:41
2 - 44% - 50% - 1:20
Last Minute Offensive - 0:00
Last Minute Defensive - 0:00
Total
Forward - 65:00
Defense - 65:00
|
% Time on Ice - Toronto Maple Leafs
Lines # - Real PCT - Wanted PCT - Time Play
Normal Forward
1 - 38% - 40% - 19:16
2 - 31% - 30% - 15:30
3 - 19% - 20% - 9:25
4 - 12% - 10% - 5:54
Normal Defense
1 - 42% - 40% - 20:56
2 - 29% - 30% - 14:39
3 - 22% - 20% - 11:07
4 - 7% - 10% - 3:23
PP Forward
1 - 58% - 60% - 1:09
2 - 42% - 40% - 0:50
PP Defense
1 - 53% - 60% - 1:03
2 - 47% - 40% - 0:56
PK Forward
1 - 74% - 60% - 5:50
2 - 26% - 40% - 2:06
PK Defense
1 - 45% - 60% - 3:34
2 - 55% - 40% - 4:22
PK3 Forward
1 - 0% - 60%
2 - 0% - 40%
PK3 Defense
1 - 0% - 60%
2 - 0% - 40%
44 Forward
1 - 87% - 60% - 4:21
2 - 13% - 40% - 0:39
44 Defense
1 - 67% - 60% - 3:20
2 - 33% - 40% - 1:40
Last Minute Offensive - 0:00
Last Minute Defensive - 0:00
Total
Forward - 65:00
Defense - 65:00
|
Play-by-Play
1st period
0:01 of 1st period - Sam Bennett wins face-off versus Kirby Dach in neutral zone.
0:16 of 1st period - Wrist shot by Andrei Kuzmenko.
0:16 of 1st period - Stopped by Frederik Andersen with a rebound.
0:52 of 1st period - Icing by Noah Dobson.
0:53 of 1st period - Cooper Marody wins face-off versus Andrew Mangiapane in Los Angeles Kings zone.
0:53 of 1st period - Cooper Marody is hit by Luke Schenn.
1:17 of 1st period - Nicolas Roy is hit by Alexander Radulov and loses puck.
1:38 of 1st period - Noah Dobson is hit by Nicolas Roy and loses puck.
1:53 of 1st period - Wrist shot by Andrew Mangiapane.
1:53 of 1st period - Shot Blocked by Noah Dobson.
1:55 of 1st period - Backhand shot by Luke Schenn.
1:55 of 1st period - Shot Misses the Net.
1:57 of 1st period - Wrist shot by Nicolas Roy.
1:57 of 1st period - Shot Hit the Post.
1:59 of 1st period - Slapshot by Luke Schenn.
1:59 of 1st period - Stopped by John Gibson without a rebound.
2:00 of 1st period - Erik Brannstrom wins face-off versus Sam Bennett in Los Angeles Kings zone.
2:00 of 1st period - Erik Brannstrom is hit by Aaron Ekblad.
2:22 of 1st period - Aaron Ekblad is hit by Joshua Brown.
2:26 of 1st period - Sam Bennett is hit by Joshua Brown and loses puck.
2:34 of 1st period - Wrist shot by Sam Bennett.
2:34 of 1st period - Stopped by John Gibson with a rebound.
3:16 of 1st period - Snap shot by Vitali Kravtsov.
3:16 of 1st period - Shot Misses the Net.
3:33 of 1st period - Snap shot by Brady Tkachuk.
3:33 of 1st period - Stopped by John Gibson with a rebound.
4:26 of 1st period - Snap shot by Brady Tkachuk.
4:26 of 1st period - Shot Misses the Net.
4:34 of 1st period - Wrist shot by Rasmus Sandin.
4:34 of 1st period - Deflect By Vitali Kravtsov.
4:34 of 1st period - Stopped by Frederik Andersen with a rebound.
4:36 of 1st period - Minor Penalty to Aaron Ekblad for Goalie Interference.
4:37 of 1st period - Nick Bjugstad wins face-off versus Kirby Dach in Toronto Maple Leafs zone.
6:05 of 1st period - K'Andre Miller is hit by Nino Niederreiter and loses puck.
6:24 of 1st period - Ryan Pulock is hit by Cooper Marody and loses puck.
6:36 of 1st period - Penalty to Aaron Ekblad is over, Aaron Ekblad is back on ice.
6:45 of 1st period - Nicolas Roy is hit by K'Andre Miller and loses puck.
6:50 of 1st period - Wrist shot by Andrei Svechnikov.
6:50 of 1st period - Shot Misses the Net.
6:52 of 1st period - Snap shot by K'Andre Miller.
6:52 of 1st period - Stopped by Frederik Andersen with a rebound.
6:54 of 1st period - Snap shot by Alexander Romanov.
6:54 of 1st period - Stopped by Frederik Andersen without a rebound.
6:55 of 1st period - Scott Laughton wins face-off versus Kirby Dach in Toronto Maple Leafs zone.
7:36 of 1st period - Luke Schenn is hit by Kirby Dach and loses puck.
10:20 of 1st period - Luke Schenn is hit by Ryan Reaves.
11:05 of 1st period - Warren Foegele is hit by Peyton Krebs and loses puck.
11:54 of 1st period - Ryan Pulock is hit by Ryan Reaves and loses puck.
12:05 of 1st period - Snap shot by Nicolas Roy.
12:05 of 1st period - Stopped by John Gibson without a rebound.
12:06 of 1st period - Nicolas Roy wins face-off versus Erik Brannstrom in Los Angeles Kings zone.
12:13 of 1st period - Aaron Ekblad is hit by Rasmus Sandin and loses puck.
12:22 of 1st period - Cody Ceci is hit by Rasmus Sandin and loses puck.
13:02 of 1st period - Slapshot by Vitali Kravtsov.
13:02 of 1st period - Stopped by Frederik Andersen with a rebound.
13:04 of 1st period - Slapshot by Alexander Romanov.
13:04 of 1st period - Stopped by Frederik Andersen with a rebound.
13:06 of 1st period - Snap shot by Erik Brannstrom.
13:06 of 1st period - Deflect By Vitali Kravtsov.
13:06 of 1st period - Shot Misses the Net.
13:06 of 1st period - Puck is out of play.
13:07 of 1st period - Nicklas Backstrom wins face-off versus Scott Laughton in Toronto Maple Leafs zone.
13:08 of 1st period - Wrist shot by Seth Jarvis.
13:08 of 1st period - Stopped by Frederik Andersen with a rebound.
13:10 of 1st period - Slapshot by Noah Dobson.
13:10 of 1st period - Shot Blocked by Scott Laughton.
13:16 of 1st period - Backhand shot by Seth Jarvis.
13:16 of 1st period - Stopped by Frederik Andersen with a rebound.
13:18 of 1st period - Slapshot by Owen Power.
13:18 of 1st period - Stopped by Frederik Andersen with a rebound.
13:20 of 1st period - Snap shot by Seth Jarvis.
13:20 of 1st period - Shot Misses the Net.
13:22 of 1st period - Slapshot by Noah Dobson.
13:22 of 1st period - Stopped by Frederik Andersen with a rebound.
14:19 of 1st period - Wrist shot by Trevor Zegras.
14:19 of 1st period - Stopped by John Gibson with a rebound.
14:37 of 1st period - Snap shot by Andrei Svechnikov.
14:37 of 1st period - Shot Misses the Net.
15:09 of 1st period - Snap shot by Andrew Mangiapane.
15:09 of 1st period - Shot Blocked by Erik Brannstrom.
15:11 of 1st period - Snap shot by Andrew Mangiapane.
15:11 of 1st period - Shot Blocked by Jakub Zboril.
15:13 of 1st period - Slapshot by Luke Schenn.
15:13 of 1st period - Stopped by John Gibson with a rebound.
15:15 of 1st period - Snap shot by Mario Ferraro.
15:15 of 1st period - Stopped by John Gibson without a rebound.
15:16 of 1st period - Scott Laughton wins face-off versus Kirby Dach in Los Angeles Kings zone.
15:27 of 1st period - Snap shot by Andrei Kuzmenko.
15:27 of 1st period - Shot Misses the Net.
15:34 of 1st period - Off-side.
15:35 of 1st period - Nicklas Backstrom wins face-off versus Sam Bennett in neutral zone.
16:00 of 1st period - Ryan Pulock is hit by Andrei Svechnikov and loses puck.
16:11 of 1st period - Snap shot by Trevor Zegras.
16:11 of 1st period - Shot Hit the Post.
16:23 of 1st period - Snap shot by Alexander Radulov.
16:23 of 1st period - Shot Misses the Net.
16:25 of 1st period - Backhand shot by Noah Dobson.
16:25 of 1st period - Shot Blocked by Aaron Ekblad.
16:27 of 1st period - Slapshot by Ryan Reaves.
16:27 of 1st period - Stopped by Frederik Andersen with a rebound.
16:29 of 1st period - Slapshot by Noah Dobson.
16:29 of 1st period - Shot Blocked by Warren Foegele.
16:31 of 1st period - Snap shot by Ryan Reaves.
16:31 of 1st period - Stopped by Frederik Andersen with a rebound.
16:51 of 1st period - Wrist shot by Nicolas Roy.
16:51 of 1st period - Stopped by John Gibson with a rebound.
17:04 of 1st period - Minor Penalty to Dougie Hamilton for Unsportsmanlike conduct.
17:05 of 1st period - Nick Bjugstad wins face-off versus Nicklas Backstrom in Toronto Maple Leafs zone.
17:15 of 1st period - Slapshot by Nicklas Backstrom.
17:15 of 1st period - Deflect By Seth Jarvis.
17:15 of 1st period - Shot Misses the Net.
17:15 of 1st period - Puck is out of play.
17:16 of 1st period - Kirby Dach wins face-off versus Nick Bjugstad in Toronto Maple Leafs zone.
17:40 of 1st period - Icing by Alexander Romanov.
17:41 of 1st period - Nicklas Backstrom wins face-off versus Nick Bjugstad in Los Angeles Kings zone.
18:12 of 1st period - Mario Ferraro is hit by Cooper Marody and loses puck.
19:04 of 1st period - Penalty to Dougie Hamilton is over, Dougie Hamilton is back on ice.
19:21 of 1st period - Troy Terry is hit by Owen Power and loses puck.
Goals for this period are 0 for Los Angeles Kings vs 0 for Toronto Maple Leafs.
Shots for this period are 12 for Los Angeles Kings vs 8 for Toronto Maple Leafs.
2nd period
0:01 of 2nd period - Nicklas Backstrom wins face-off versus Scott Laughton in neutral zone.
0:04 of 2nd period - Snap shot by Seth Jarvis.
0:04 of 2nd period - Stopped by Frederik Andersen with a rebound.
0:07 of 2nd period - Icing by Scott Laughton.
0:08 of 2nd period - Scott Laughton wins face-off versus Nicklas Backstrom in Toronto Maple Leafs zone.
0:15 of 2nd period - Slapshot by Trevor Zegras.
0:15 of 2nd period - Stopped by John Gibson without a rebound.
0:16 of 2nd period - Sam Bennett wins face-off versus Nicklas Backstrom in Los Angeles Kings zone.
1:02 of 2nd period - Slapshot by Alexander Romanov.
1:02 of 2nd period - Stopped by Frederik Andersen with a rebound.
1:04 of 2nd period - Slapshot by K'Andre Miller.
1:04 of 2nd period - Deflect By Vitali Kravtsov.
1:04 of 2nd period - Shot Misses the Net.
1:04 of 2nd period - Puck is out of play.
1:05 of 2nd period - Warren Foegele wins face-off versus Erik Brannstrom in Toronto Maple Leafs zone.
1:10 of 2nd period - Slapshot by Rasmus Sandin.
1:10 of 2nd period - Shot Blocked by Warren Foegele.
1:14 of 2nd period - Snap shot by Vitali Kravtsov.
1:14 of 2nd period - Shot Misses the Net.
1:16 of 2nd period - Slapshot by Joshua Brown.
1:16 of 2nd period - Stopped by Frederik Andersen with a rebound.
1:57 of 2nd period - Icing by Joshua Brown.
1:58 of 2nd period - Kirby Dach wins face-off versus Scott Laughton in Los Angeles Kings zone.
2:09 of 2nd period - Snap shot by Andrei Kuzmenko.
2:09 of 2nd period - Stopped by Frederik Andersen with a rebound.
2:11 of 2nd period - Slapshot by Joshua Brown.
2:11 of 2nd period - Deflect By Troy Terry.
2:11 of 2nd period - Stopped by Frederik Andersen with a rebound.
2:13 of 2nd period - Snap shot by Andrei Kuzmenko.
2:13 of 2nd period - Shot Misses the Net.
3:11 of 2nd period - Wrist shot by Trevor Zegras.
3:11 of 2nd period - Shot Misses the Net.
3:26 of 2nd period - Minor Penalty to Luke Schenn for Hooking.
3:27 of 2nd period - Nicklas Backstrom wins face-off versus Nick Bjugstad in Toronto Maple Leafs zone.
4:06 of 2nd period - Nick Bjugstad is hit by Kirby Dach and loses puck.
4:23 of 2nd period - Kyle Okposo is hit by Ryan Reaves and loses puck.
4:49 of 2nd period - Brady Tkachuk is hit by Kirby Dach and loses puck.
5:26 of 2nd period - Penalty to Luke Schenn is over, Luke Schenn is back on ice.
5:54 of 2nd period - Andrei Kuzmenko is hit by Trevor Zegras and loses puck.
7:21 of 2nd period - Kyle Okposo is hit by Kirby Dach and loses puck.
7:44 of 2nd period - K'Andre Miller is hit by Dougie Hamilton and loses puck.
8:19 of 2nd period - Owen Power is hit by Andrew Mangiapane.
9:07 of 2nd period - Mario Ferraro is hit by Jakub Zboril and loses puck.
9:37 of 2nd period - Peyton Krebs is hit by Trevor Zegras.
9:47 of 2nd period - Ryan Reaves is hit by Sam Bennett and loses puck.
10:36 of 2nd period - Icing by Vitali Kravtsov.
10:37 of 2nd period - Sam Bennett wins face-off versus Erik Brannstrom in Los Angeles Kings zone.
10:40 of 2nd period - Snap shot by Sam Bennett.
10:40 of 2nd period - Shot Misses the Net.
11:00 of 2nd period - Snap shot by Vitali Kravtsov.
11:00 of 2nd period - Shot Misses the Net.
11:02 of 2nd period - Slapshot by Rasmus Sandin.
11:02 of 2nd period - Deflect By Vitali Kravtsov.
11:02 of 2nd period - Stopped by Frederik Andersen without a rebound.
11:03 of 2nd period - Nicklas Backstrom wins face-off versus Scott Laughton in Toronto Maple Leafs zone.
11:18 of 2nd period - Wrist shot by Seth Jarvis.
11:18 of 2nd period - Shot Misses the Net.
11:28 of 2nd period - Andrei Svechnikov is hit by Brandon Saad and loses puck.
11:37 of 2nd period - Wrist shot by Brandon Saad.
11:37 of 2nd period - Stopped by John Gibson without a rebound.
11:38 of 2nd period - Sam Bennett wins face-off versus Nicklas Backstrom in Los Angeles Kings zone.
12:07 of 2nd period - Snap shot by Troy Terry.
12:07 of 2nd period - Deflect By Trevor Zegras.
12:07 of 2nd period - Shot Misses the Net.
12:07 of 2nd period - Puck is out of play.
12:08 of 2nd period - Scott Laughton wins face-off versus Kirby Dach in Los Angeles Kings zone.
13:12 of 2nd period - Snap shot by Sam Bennett.
13:12 of 2nd period - Deflect By Rasmus Sandin.
13:12 of 2nd period - Stopped by John Gibson without a rebound.
13:13 of 2nd period - Cooper Marody wins face-off versus Scott Laughton in Los Angeles Kings zone.
14:02 of 2nd period - Icing by Andrew Mangiapane.
14:03 of 2nd period - Nicklas Backstrom wins face-off versus Nick Bjugstad in Toronto Maple Leafs zone.
14:06 of 2nd period - Slapshot by Seth Jarvis.
14:06 of 2nd period - Shot Misses the Net.
14:08 of 2nd period - Wrist shot by Peyton Krebs.
14:08 of 2nd period - Goal by Peyton Krebs - Los Angeles Kings : 1 - Toronto Maple Leafs : 0.
14:09 of 2nd period - Nicklas Backstrom wins face-off versus Brady Tkachuk in neutral zone.
14:18 of 2nd period - Wrist shot by Seth Jarvis.
14:18 of 2nd period - Shot Misses the Net.
14:34 of 2nd period - Scott Laughton is hit by Alexander Radulov and loses puck.
14:43 of 2nd period - Snap shot by Alexander Radulov.
14:43 of 2nd period - Stopped by Frederik Andersen without a rebound.
14:44 of 2nd period - Sam Bennett wins face-off versus Nicklas Backstrom in Toronto Maple Leafs zone.
14:44 of 2nd period - Sam Bennett is hit by Nicklas Backstrom.
15:17 of 2nd period - Slapshot by Trevor Zegras.
15:17 of 2nd period - Stopped by John Gibson with a rebound.
16:19 of 2nd period - Snap shot by Nicklas Backstrom.
16:19 of 2nd period - Shot Misses the Net.
16:21 of 2nd period - Slapshot by Nicklas Backstrom.
16:21 of 2nd period - Stopped by Frederik Andersen with a rebound.
16:23 of 2nd period - Snap shot by Nicklas Backstrom.
16:23 of 2nd period - Stopped by Frederik Andersen with a rebound.
17:11 of 2nd period - Snap shot by Brady Tkachuk.
17:11 of 2nd period - Shot Misses the Net.
17:13 of 2nd period - Wrist shot by Brandon Saad.
17:13 of 2nd period - Shot Misses the Net.
17:15 of 2nd period - Wrist shot by Brady Tkachuk.
17:15 of 2nd period - Shot Blocked by Erik Brannstrom.
17:17 of 2nd period - Wrist shot by Brandon Saad.
17:17 of 2nd period - Stopped by John Gibson without a rebound.
17:18 of 2nd period - Nicolas Roy wins face-off versus Nicklas Backstrom in Los Angeles Kings zone.
17:43 of 2nd period - Brandon Saad is hit by Erik Brannstrom and loses puck.
17:50 of 2nd period - Wrist shot by Sam Bennett.
17:50 of 2nd period - Deflect By Brandon Saad.
17:50 of 2nd period - Shot Misses the Net.
17:50 of 2nd period - Puck is out of play.
17:51 of 2nd period - Sam Bennett wins face-off versus Kirby Dach in Los Angeles Kings zone.
18:02 of 2nd period - Wrist shot by Brady Tkachuk.
18:02 of 2nd period - Stopped by John Gibson with a rebound.
18:04 of 2nd period - Wrist shot by Brady Tkachuk.
18:04 of 2nd period - Stopped by John Gibson without a rebound.
18:05 of 2nd period - Nicklas Backstrom wins face-off versus Sam Bennett in Los Angeles Kings zone.
18:14 of 2nd period - Wrist shot by Seth Jarvis.
18:14 of 2nd period - Stopped by Frederik Andersen without a rebound.
18:15 of 2nd period - Brandon Saad wins face-off versus Nicklas Backstrom in Toronto Maple Leafs zone.
18:22 of 2nd period - Alexander Romanov is hit by Sam Bennett.
18:44 of 2nd period - Snap shot by Sam Bennett.
18:44 of 2nd period - Stopped by John Gibson without a rebound.
18:45 of 2nd period - Scott Laughton wins face-off versus Kirby Dach in Los Angeles Kings zone.
18:46 of 2nd period - Snap shot by Trevor Zegras.
18:46 of 2nd period - Shot Misses the Net.
18:48 of 2nd period - Snap shot by Scott Laughton.
18:48 of 2nd period - Goal by Scott Laughton - Los Angeles Kings : 1 - Toronto Maple Leafs : 1.
18:49 of 2nd period - Sam Bennett wins face-off versus Kirby Dach in neutral zone.
19:17 of 2nd period - Slapshot by Alexander Romanov.
19:17 of 2nd period - Stopped by Frederik Andersen without a rebound.
19:18 of 2nd period - Scott Laughton wins face-off versus Cooper Marody in Toronto Maple Leafs zone.
19:23 of 2nd period - Ryan Reaves is hit by Scott Laughton and loses puck.
19:36 of 2nd period - Snap shot by Scott Laughton.
19:36 of 2nd period - Shot Misses the Net.
19:38 of 2nd period - Wrist shot by Trevor Zegras.
19:38 of 2nd period - Stopped by John Gibson without a rebound.
19:39 of 2nd period - Sam Bennett wins face-off versus Kirby Dach in Los Angeles Kings zone.
19:50 of 2nd period - Wrist shot by Kirby Dach.
19:50 of 2nd period - Stopped by Frederik Andersen with a rebound.
19:52 of 2nd period - Slapshot by K'Andre Miller.
19:52 of 2nd period - Shot Misses the Net.
19:54 of 2nd period - Slapshot by Kirby Dach.
19:54 of 2nd period - Stopped by Frederik Andersen with a rebound.
Goals for this period are 1 for Los Angeles Kings vs 1 for Toronto Maple Leafs.
Shots for this period are 14 for Los Angeles Kings vs 10 for Toronto Maple Leafs.
3rd period
0:01 of 3rd period - Nicklas Backstrom wins face-off versus Sam Bennett in neutral zone.
0:12 of 3rd period - Peyton Krebs is hit by Brady Tkachuk and loses puck.
0:55 of 3rd period - Cody Ceci is hit by Alexander Romanov and loses puck.
1:10 of 3rd period - Wrist shot by Brady Tkachuk.
1:10 of 3rd period - Shot Blocked by Noah Dobson.
1:12 of 3rd period - Snap shot by Cody Ceci.
1:12 of 3rd period - Shot Misses the Net.
1:58 of 3rd period - Troy Terry is hit by Ryan Reaves and loses puck.
2:08 of 3rd period - Minor Penalty to Kirby Dach for Hooking.
2:09 of 3rd period - Alexander Radulov wins face-off versus Troy Terry in Los Angeles Kings zone.
2:23 of 3rd period - Snap shot by Alexander Radulov.
2:23 of 3rd period - Shot Misses the Net.
2:29 of 3rd period - K'Andre Miller is hit by Brady Tkachuk and loses puck.
2:43 of 3rd period - Off-side.
2:44 of 3rd period - Cooper Marody wins face-off versus Scott Laughton in neutral zone.
3:10 of 3rd period - Alexander Radulov is hit by Brady Tkachuk and loses puck.
3:59 of 3rd period - Troy Terry is hit by Andrei Kuzmenko and loses puck.
4:08 of 3rd period - Penalty to Kirby Dach is over, Kirby Dach is back on ice.
4:43 of 3rd period - Snap shot by Nino Niederreiter.
4:43 of 3rd period - Shot Misses the Net.
4:45 of 3rd period - Snap shot by Nino Niederreiter.
4:45 of 3rd period - Shot Blocked by Joshua Brown.
5:30 of 3rd period - Troy Terry is hit by Vitali Kravtsov and loses puck.
5:55 of 3rd period - Snap shot by Brandon Saad.
5:55 of 3rd period - Shot Misses the Net.
6:24 of 3rd period - Wrist shot by Nicolas Roy.
6:24 of 3rd period - Shot Misses the Net.
7:06 of 3rd period - Vitali Kravtsov is hit by Aaron Ekblad and loses puck.
7:19 of 3rd period - K'Andre Miller is hit by Scott Laughton and loses puck.
7:32 of 3rd period - Backhand shot by K'Andre Miller.
7:32 of 3rd period - Shot Blocked by Andrew Mangiapane.
7:34 of 3rd period - Slapshot by K'Andre Miller.
7:34 of 3rd period - Stopped by Frederik Andersen with a rebound.
7:36 of 3rd period - Wrist shot by Erik Brannstrom.
7:36 of 3rd period - Stopped by Frederik Andersen with a rebound.
7:38 of 3rd period - Snap shot by Vitali Kravtsov.
7:38 of 3rd period - Stopped by Frederik Andersen without a rebound.
7:39 of 3rd period - Brady Tkachuk wins face-off versus Kirby Dach in Toronto Maple Leafs zone.
8:17 of 3rd period - Slapshot by Nicklas Backstrom.
8:17 of 3rd period - Stopped by Frederik Andersen with a rebound.
8:35 of 3rd period - Snap shot by Troy Terry.
8:35 of 3rd period - Stopped by John Gibson without a rebound.
8:36 of 3rd period - Sam Bennett wins face-off versus Andrei Svechnikov in Los Angeles Kings zone.
8:41 of 3rd period - Snap shot by Sam Bennett.
8:41 of 3rd period - Goal by Sam Bennett - Los Angeles Kings : 1 - Toronto Maple Leafs : 2.
8:42 of 3rd period - Sam Bennett wins face-off versus Kirby Dach in neutral zone.
8:51 of 3rd period - Dougie Hamilton is hit by Andrei Svechnikov and loses puck.
9:27 of 3rd period - Ryan Pulock is hit by Peyton Krebs and loses puck.
9:38 of 3rd period - Slapshot by Nicklas Backstrom.
9:38 of 3rd period - Stopped by Frederik Andersen without a rebound.
9:39 of 3rd period - Sam Bennett wins face-off versus Kirby Dach in Toronto Maple Leafs zone.
10:39 of 3rd period - Off-side.
10:40 of 3rd period - Cooper Marody wins face-off versus Scott Laughton in neutral zone.
10:51 of 3rd period - Slapshot by Noah Dobson.
10:51 of 3rd period - Goal by Noah Dobson - Los Angeles Kings : 2 - Toronto Maple Leafs : 2.
10:52 of 3rd period - Troy Terry wins face-off versus Cooper Marody in neutral zone.
12:01 of 3rd period - Slapshot by Dougie Hamilton.
12:01 of 3rd period - Stopped by John Gibson with a rebound.
12:29 of 3rd period - Wrist shot by Trevor Zegras.
12:29 of 3rd period - Shot Misses the Net.
12:31 of 3rd period - Slapshot by Trevor Zegras.
12:31 of 3rd period - Goal by Trevor Zegras - Los Angeles Kings : 2 - Toronto Maple Leafs : 3.
12:32 of 3rd period - Scott Laughton wins face-off versus Nicklas Backstrom in neutral zone.
13:15 of 3rd period - Minor Penalty to Brady Tkachuk for Hooking.
13:16 of 3rd period - Nick Bjugstad wins face-off versus Kirby Dach in Toronto Maple Leafs zone.
14:36 of 3rd period - Alexander Romanov is hit by Kyle Okposo and loses puck.
14:43 of 3rd period - Kyle Okposo is hit by Kirby Dach and loses puck.
15:15 of 3rd period - Penalty to Brady Tkachuk is over, Brady Tkachuk is back on ice.
15:59 of 3rd period - Slapshot by Dougie Hamilton.
15:59 of 3rd period - Shot Blocked by Andrei Svechnikov.
16:07 of 3rd period - Wrist shot by Scott Laughton.
16:07 of 3rd period - Shot Blocked by Joshua Brown.
17:27 of 3rd period - Snap shot by Andrei Svechnikov.
17:27 of 3rd period - Goal by Andrei Svechnikov - Los Angeles Kings : 3 - Toronto Maple Leafs : 3.
17:28 of 3rd period - Cooper Marody wins face-off versus Nicolas Roy in neutral zone.
18:02 of 3rd period - Wrist shot by Nick Bjugstad.
18:02 of 3rd period - Shot Misses the Net.
18:56 of 3rd period - Wrist shot by Kyle Okposo.
18:56 of 3rd period - Shot Blocked by Rasmus Sandin.
19:18 of 3rd period - Brady Tkachuk is hit by Rasmus Sandin and loses puck.
Goals for this period are 2 for Los Angeles Kings vs 2 for Toronto Maple Leafs.
Shots for this period are 7 for Los Angeles Kings vs 4 for Toronto Maple Leafs.
Overtime #1
0:01 of 1st overtime period - Scott Laughton wins face-off versus Seth Jarvis in neutral zone.
0:06 of 1st overtime period - Wrist shot by Scott Laughton.
0:06 of 1st overtime period - Stopped by John Gibson without a rebound.
0:07 of 1st overtime period - Scott Laughton wins face-off versus Seth Jarvis in Los Angeles Kings zone.
0:15 of 1st overtime period - Minor Penalty to Alexander Romanov for Tripping.
0:16 of 1st overtime period - Nicklas Backstrom wins face-off versus Troy Terry in Los Angeles Kings zone.
0:16 of 1st overtime period - Nicklas Backstrom is hit by Scott Laughton.
0:25 of 1st overtime period - Rasmus Sandin is hit by Dougie Hamilton and loses puck.
0:30 of 1st overtime period - Snap shot by Troy Terry.
0:30 of 1st overtime period - Shot Blocked by Rasmus Sandin.
0:32 of 1st overtime period - Snap shot by Scott Laughton.
0:32 of 1st overtime period - Stopped by John Gibson with a rebound.
0:46 of 1st overtime period - Snap shot by Nicklas Backstrom.
0:46 of 1st overtime period - Shot Blocked by Scott Laughton.
1:23 of 1st overtime period - Wrist shot by Trevor Zegras.
1:23 of 1st overtime period - Shot Misses the Net.
1:25 of 1st overtime period - Wrist shot by Nicolas Roy.
1:25 of 1st overtime period - Shot Misses the Net.
2:13 of 1st overtime period - Slapshot by Erik Brannstrom.
2:13 of 1st overtime period - Shot Misses the Net.
2:15 of 1st overtime period - Penalty to Alexander Romanov is over, Alexander Romanov is back on ice.
2:25 of 1st overtime period - Wrist shot by Brady Tkachuk.
2:25 of 1st overtime period - Stopped by John Gibson with a rebound.
2:27 of 1st overtime period - Slapshot by Luke Schenn.
2:27 of 1st overtime period - Shot Misses the Net.
2:29 of 1st overtime period - Slapshot by Luke Schenn.
2:29 of 1st overtime period - Shot Blocked by Cooper Marody.
2:31 of 1st overtime period - Wrist shot by Mario Ferraro.
2:31 of 1st overtime period - Stopped by John Gibson without a rebound.
2:32 of 1st overtime period - Trevor Zegras wins face-off versus Seth Jarvis in Los Angeles Kings zone.
3:17 of 1st overtime period - Ryan Pulock is hit by Owen Power and loses puck.
3:34 of 1st overtime period - Noah Dobson is hit by Dougie Hamilton and loses puck.
4:44 of 1st overtime period - Slapshot by Dougie Hamilton.
4:44 of 1st overtime period - Shot Blocked by Alexander Romanov.
Goals for this period are 0 for Los Angeles Kings vs 0 for Toronto Maple Leafs.
Shots for this period are 0 for Los Angeles Kings vs 4 for Toronto Maple Leafs.
ShootOut
5:00 of 1st overtime period - Round #1.
5:00 of 1st overtime period - Los Angeles Kings, Andrei Kuzmenko.
5:00 of 1st overtime period - Deke by Andrei Kuzmenko.
5:00 of 1st overtime period - Shot Misses the Net.
5:00 of 1st overtime period - Toronto Maple Leafs, Trevor Zegras.
5:00 of 1st overtime period - Wrist shot by Trevor Zegras.
5:00 of 1st overtime period - Stopped by John Gibson.
5:00 of 1st overtime period - Round #2.
5:00 of 1st overtime period - Los Angeles Kings, Cooper Marody.
5:00 of 1st overtime period - Snap shot by Cooper Marody.
5:00 of 1st overtime period - Stopped by Frederik Andersen.
5:00 of 1st overtime period - Toronto Maple Leafs, Dougie Hamilton.
5:00 of 1st overtime period - Snap shot by Dougie Hamilton.
5:00 of 1st overtime period - Shot Misses the Net.
5:00 of 1st overtime period - Round #3.
5:00 of 1st overtime period - Los Angeles Kings, Kirby Dach.
5:00 of 1st overtime period - Deke by Kirby Dach.
5:00 of 1st overtime period - Goal by Kirby Dach.
5:00 of 1st overtime period - Toronto Maple Leafs, Kyle Okposo.
5:00 of 1st overtime period - Wrist shot by Kyle Okposo.
5:00 of 1st overtime period - Shot Misses the Net.
Back to the Top